PUBA
TRUCKEE SCRAPPYS @ SUSQUEHANNA TRAILS SCARLETS
07/21/1972
 
TOP OF THE 1ST
North Ridgeville River Bandits batting - Pitching for Truckee Scrappys : RHP Francisco Torres
Pitching: RHP Francisco Torres
Batting: RHB Jeff Reynolds 0-0: Fly out, F9 (Flyball, 89S, EV 93.1 MPH)
Batting: RHB Francis Ladd 0-0: Ball
1-0: SINGLE (Groundball, 6MD, EV 106.2 MPH)
Batting: LHB Steven Flowers 0-0: Ball
Pickoff Throw to First - Error! E1
Francis Ladd to second
1-0: Ball
2-0: Ground out 3-1 (Groundball, 34, EV 88.8 MPH)
Francis Ladd to third
Batting: RHB Terry Weeks 0-0: Ball
1-0: Ball
2-0: Foul Ball, location: 2F
2-1: DOUBLE (Line Drive, 89D, EV 110.0 MPH)
Francis Ladd scores
Batting: SHB Jonathan Burke 0-0: Fly out, F8 (Flyball, 8RM, EV 83.1 MPH)
Top of the 1st over - 1 run, 2 hits, 1 error, 1 left on base; North Ridgeville 1 - Truckee 0
BOTTOM OF THE 1ST
Truckee Scrappys batting - Pitching for North Ridgeville River Bandits : RHP Manuel Figuerra
Pitching: RHP Manuel Figuerra
Batting: SHB Rod Gaspar 0-0: Ball
1-0: Ground out 4-3 (Groundball, 4M, EV 103.1 MPH)
Batting: RHB José Mora 0-0: Called Strike
0-1: Ball
1-1: Foul Ball, location: 2F
1-2: Strikes out looking
Batting: LHB Tom Hutton 0-0: Ball
1-0: Foul Ball, location: 2F
1-1: Foul Ball, location: 2F
1-2: Ground out 6-3 (Groundball, 56, EV 110.6 MPH)
Bottom of the 1st over - 0 runs, 0 hits, 0 errors, 0 left on base; North Ridgeville 1 - Truckee 0
TOP OF THE 2ND
North Ridgeville River Bandits batting - Pitching for Truckee Scrappys : RHP Francisco Torres
Batting: RHB Jose Cardenal 0-0: Called Strike
0-1: Ball
1-1: Ground out U3 (Groundball, 34, EV 79.4 MPH)
Batting: RHB Sadaharu Koizumi 0-0: Swinging Strike
0-1: Called Strike
0-2: Ball
1-2: Ball
2-2: SINGLE (Line Drive, 56D, EV 96.2 MPH)
Batting: SHB Ed Gentle 0-0: Ball
1-0: Foul Ball, location: 2F
1-1: Ball
2-1: Fly out, F6 (Popup, 15, EV 85.0 MPH)
Batting: RHB Dave Lane 0-0: Ball
1-0: Foul Ball, location: 2F
1-1: Swinging Strike
1-2: Strikes out swinging
Top of the 2nd over - 0 runs, 1 hit, 0 errors, 1 left on base; North Ridgeville 1 - Truckee 0
BOTTOM OF THE 2ND
Truckee Scrappys batting - Pitching for North Ridgeville River Bandits : RHP Manuel Figuerra
Batting: RHB Terry Williams 0-0: Called Strike
0-1: Ball
1-1: Swinging Strike
1-2: Strikes out looking
Batting: LHB Derek Mosley 0-0: Foul Ball, location: 2F
0-1: Called Strike
0-2: Ball
1-2: Foul Ball, location: 2F
1-2: Foul Ball, location: 2F
1-2: Ball
2-2: Foul Ball, location: 2F
2-2: Ball
3-2: Fly out, F8 (Flyball, 8LS, EV 94.4 MPH)
Batting: RHB Eldar Mestrolyan 0-0: Ball
1-0: Ball
2-0: Fly out, F8 (Flyball, 8LS, EV 95.6 MPH)
Bottom of the 2nd over - 0 runs, 0 hits, 0 errors, 0 left on base; North Ridgeville 1 - Truckee 0
TOP OF THE 3RD
North Ridgeville River Bandits batting - Pitching for Truckee Scrappys : RHP Francisco Torres
Batting: RHB Jeff Reynolds 0-0: Called Strike
0-1: Foul Ball, location: 2F
0-2: Ball
1-2: SINGLE (Line Drive, 9S, EV 105.0 MPH)
Batting: RHB Francis Ladd 0-0: Called Strike
0-1: Foul Ball, location: 2F
0-2: Ball
1-2: Foul Ball, location: 2F
1-2: Ball
2-2: Ball
3-2: Grounds into double play, 6-4-3 (Groundball, 6, EV 82.5 MPH)
Batting: LHB Steven Flowers 0-0: Ball
1-0: Foul Ball, location: 2F
1-1: Ball
2-1: Fly out, F7 (Flyball, 7S, EV 94.4 MPH)
Top of the 3rd over - 0 runs, 1 hit, 0 errors, 0 left on base; North Ridgeville 1 - Truckee 0
BOTTOM OF THE 3RD
Truckee Scrappys batting - Pitching for North Ridgeville River Bandits : RHP Manuel Figuerra
Batting: LHB Ernie Jones 0-0: Foul Ball, location: 2F
0-1: Swinging Strike
0-2: Strikes out swinging
Batting: RHB Esteban Mendoza 0-0: Ball
1-0: Ball
2-0: Called Strike
2-1: Foul Ball, location: 2F
2-2: Strikes out swinging
Batting: LHB Hidekazu Kobayashi 0-0: Called Strike
0-1: Swinging Strike
0-2: Ball
1-2: Strikes out swinging
Bottom of the 3rd over - 0 runs, 0 hits, 0 errors, 0 left on base; North Ridgeville 1 - Truckee 0
TOP OF THE 4TH
North Ridgeville River Bandits batting - Pitching for Truckee Scrappys : RHP Francisco Torres
Batting: RHB Terry Weeks 0-0: Ball
1-0: Called Strike
1-1: Called Strike
1-2: Ball
2-2: Foul Ball, location: 2F
2-2: Foul Ball, location: 2F
2-2: Foul Ball, location: 2F
2-2: DOUBLE (Line Drive, 7D, EV 93.1 MPH)
Batting: SHB Jonathan Burke 0-0: Ball
1-0: Ball
2-0: Ball
3-0: Foul Ball, location: 2F
3-1: Base on Balls
Batting: RHB Jose Cardenal 0-0: Ball
1-0: Ball
2-0: Ball
3-0: Called Strike
3-1: SINGLE (Flyball, 8RS, EV 96.2 MPH)
Terry Weeks to third
Jonathan Burke to second
Runner from 3rd tries for Home, throw by CF and OUT! 8-2
Batting: RHB Sadaharu Koizumi 0-0: Ball
1-0: Ball
2-0: Fielders Choice at 2nd, 2-6 (Groundball, 13S, EV 70.0 MPH)
Jonathan Burke to third
Batting: SHB Ed Gentle 0-0: Called Strike
0-1: Foul Ball, location: 2F
0-2: Ball
1-2: Ball
2-2: Ball
3-2: Base on Balls
Sadaharu Koizumi to second
Batting: RHB Dave Lane 0-0: Ball
1-0: Foul Ball, location: 2F
1-1: Ball
2-1: Ball
3-1: Base on Balls
Jonathan Burke scores
Sadaharu Koizumi to third
Ed Gentle to second
Batting: RHB Jeff Reynolds 0-0: Called Strike
0-1: Called Strike
0-2: Ball
1-2: DOUBLE (Flyball, 78XD, EV 111.2 MPH)
Sadaharu Koizumi scores
Ed Gentle scores
Dave Lane to third
Runner from 3rd tries for Home, throw by LF and OUT! 7-2
Top of the 4th over - 3 runs, 3 hits, 0 errors, 1 left on base; North Ridgeville 4 - Truckee 0
BOTTOM OF THE 4TH
Truckee Scrappys batting - Pitching for North Ridgeville River Bandits : RHP Manuel Figuerra
Batting: SHB Rod Gaspar 0-0: Ball
1-0: Swinging Strike
1-1: Foul Ball, location: 2F
1-2: DOUBLE (Line Drive, 89D, EV 98.1 MPH)
Batting: RHB José Mora 0-0: Ball
1-0: Swinging Strike
1-1: Called Strike
1-2: Fly out, F6 (Flyball, 6D, EV 81.9 MPH)
Batting: LHB Tom Hutton 0-0: Ball
1-0: Called Strike
1-1: Ball
2-1: Fly out, F8 (Flyball, 8RS, EV 88.8 MPH)
Batting: RHB Terry Williams 0-0: Ball
1-0: Ball
2-0: Ball
3-0: Base on Balls
Batting: LHB Derek Mosley 0-0: Ball
1-0: Swinging Strike
1-1: Called Strike
1-2: Strikes out swinging
Bottom of the 4th over - 0 runs, 1 hit, 0 errors, 2 left on base; North Ridgeville 4 - Truckee 0
TOP OF THE 5TH
North Ridgeville River Bandits batting - Pitching for Truckee Scrappys : RHP Francisco Torres
Batting: RHB Francis Ladd 0-0: Ball
1-0: Foul Ball, location: 2F
1-1: Ball
2-1: Foul Ball, location: 2F
2-2: Ground out 6-3 (Groundball, 56, EV 102.5 MPH)
Batting: LHB Steven Flowers 0-0: Ground out 5-3 (Groundball, 56S, EV 76.9 MPH)
Batting: RHB Terry Weeks 0-0: Ball
1-0: Foul Ball, location: 2F
1-1: Foul Ball, location: 2F
1-2: Strikes out looking
Top of the 5th over - 0 runs, 0 hits, 0 errors, 0 left on base; North Ridgeville 4 - Truckee 0
BOTTOM OF THE 5TH
Truckee Scrappys batting - Pitching for North Ridgeville River Bandits : RHP Manuel Figuerra
Batting: RHB Eldar Mestrolyan 0-0: Ball
1-0: Called Strike
1-1: Called Strike
1-2: Foul Ball, location: 2F
1-2: Fly out, F8 (Flyball, 8RD, EV 99.4 MPH)
Batting: LHB Ernie Jones 0-0: Ball
1-0: Swinging Strike
1-1: Ball
2-1: Ball
3-1: SOLO HOME RUN (Flyball, 89XD, EV 103.8 MPH), Distance : 405 ft
Batting: RHB Esteban Mendoza 0-0: Ball
1-0: Ball
2-0: Ball
3-0: Base on Balls
Batting: LHB Hidekazu Kobayashi 0-0: Called Strike
Esteban Mendoza steals 2nd base
0-1: Foul Ball, location: 2F
0-2: Ball
1-2: Foul Ball, location: 2F
1-2: Ball
2-2: Ball
3-2: Fly out, F8 (Flyball, 8LS, EV 73.1 MPH)
Batting: SHB Rod Gaspar 0-0: Ball
1-0: Foul Ball, location: 2F
1-1: SINGLE (Groundball, 6D, EV 103.8 MPH)
Esteban Mendoza to third
Runner from 3rd tries for Home, throw by CF and OUT! 8-2
Bottom of the 5th over - 1 run, 2 hits, 0 errors, 1 left on base; North Ridgeville 4 - Truckee 1
TOP OF THE 6TH
North Ridgeville River Bandits batting - Pitching for Truckee Scrappys : RHP Francisco Torres
Batting: SHB Jonathan Burke 0-0: Ground out U3 (Groundball, 3L, EV 80.0 MPH)
Batting: RHB Jose Cardenal 0-0: Ball
1-0: Ball
2-0: Called Strike
2-1: Ball
3-1: Called Strike
3-2: Foul Ball, location: 2F
3-2: Foul Ball, location: 2F
3-2: Reached on error, E6 (Groundball, 6M, EV 82.5 MPH)
Batting: RHB Sadaharu Koizumi 0-0: Ball
1-0: Called Strike
1-1: Ball
2-1: Ball
3-1: Base on Balls
Jose Cardenal to second
Batting: SHB Ed Gentle 0-0: Grounds into double play, 5-4-3 (Groundball, 25, EV 85.0 MPH)
Top of the 6th over - 0 runs, 0 hits, 1 error, 1 left on base; North Ridgeville 4 - Truckee 1
BOTTOM OF THE 6TH
Truckee Scrappys batting - Pitching for North Ridgeville River Bandits : RHP Manuel Figuerra
Batting: RHB José Mora 0-0: Foul Ball, location: 2F
0-1: Ball
1-1: Ball
2-1: Ball
3-1: Foul Ball, location: 2F
3-2: SINGLE (Flyball, 5D, EV 86.2 MPH)
Batting: LHB Tom Hutton 0-0: Foul Ball, location: 2F
0-1: Foul Ball, location: 2F
0-2: Ball
1-2: Foul Ball, location: 2F
1-2: Foul Ball, location: 2F
1-2: Foul Ball, location: 2F
1-2: Ball
2-2: Foul Ball, location: 2F
2-2: Fly out, F9 (Flyball, 9LS, EV 95.6 MPH)
Batting: RHB Terry Williams 0-0: Called Strike
0-1: Ball
1-1: Ball
Wild Pitch!
José Mora to second
2-1: Called Strike
2-2: Foul Ball, location: 2F
2-2: 2-RUN HOME RUN (Flyball, 89XD, EV 97.5 MPH), Distance : 378 ft
Batting: LHB Derek Mosley 0-0: Foul Ball, location: 2F
0-1: Called Strike
0-2: SINGLE (Line Drive, 56, EV 98.8 MPH)
Batting: RHB Eldar Mestrolyan 0-0: Ball
1-0: 2-RUN HOME RUN (Flyball, 7LD, EV 94.4 MPH), Distance : 344 ft
Pitching: RHP Rob Jones
Batting: LHB Ernie Jones 0-0: Ball
1-0: Foul Ball, location: 2F
1-1: Fly out, F7 (Flyball, 78S, EV 89.4 MPH)
Batting: RHB Esteban Mendoza 0-0: Called Strike
0-1: Called Strike
0-2: Ball
1-2: Ball
2-2: Ball
3-2: SINGLE (Line Drive, 89S, EV 103.1 MPH)
Batting: LHB Hidekazu Kobayashi 0-0: Ball
1-0: Swinging Strike
1-1: Ball
2-1: Called Strike
2-2: Foul Ball, location: 2F
2-2: Strikes out swinging
Bottom of the 6th over - 4 runs, 5 hits, 0 errors, 1 left on base; North Ridgeville 4 - Truckee 5
TOP OF THE 7TH
North Ridgeville River Bandits batting - Pitching for Truckee Scrappys : RHP Francisco Torres
Batting: RHB Dave Lane 0-0: Ground out U3 (Groundball, 34, EV 102.5 MPH)
Batting: RHB Jeff Reynolds 0-0: Ball
1-0: Ball
2-0: Ground out 6-3 (Groundball, 6, EV 104.4 MPH)
Batting: RHB Francis Ladd 0-0: Ball
1-0: Called Strike
1-1: Swinging Strike
1-2: Reached via error on a dropped throw from SS, E3 (Groundball, 6, EV 87.5 MPH)
Batting: LHB Steven Flowers 0-0: Ball
1-0: Ball
2-0: Foul Ball, location: 2F
2-1: Called Strike
2-2: Fly out, F4 (Line Drive, 4, EV 66.2 MPH)
Top of the 7th over - 0 runs, 0 hits, 1 error, 1 left on base; North Ridgeville 4 - Truckee 5
BOTTOM OF THE 7TH
Truckee Scrappys batting - Pitching for North Ridgeville River Bandits : RHP Rob Jones
Batting: SHB Rod Gaspar 0-0: Called Strike
0-1: Ball
1-1: Called Strike
1-2: Strikes out looking
Batting: RHB José Mora 0-0: Ground out 4-3 (Groundball, 4, EV 79.4 MPH)
Batting: LHB Tom Hutton 0-0: Fly out, F8 (Flyball, 8RD, EV 95.0 MPH)
Bottom of the 7th over - 0 runs, 0 hits, 0 errors, 0 left on base; North Ridgeville 4 - Truckee 5
TOP OF THE 8TH
North Ridgeville River Bandits batting - Pitching for Truckee Scrappys : RHP Francisco Torres
Pitching: RHP John Wood
Batting: RHB Terry Weeks 0-0: Foul Ball, location: 2F
0-1: DOUBLE (Line Drive, 78XD, EV 110.0 MPH)
Batting: SHB Jonathan Burke 0-0: Ball
1-0: Ball
2-0: DOUBLE (Line Drive, 7LM, EV 90.6 MPH)
Terry Weeks scores
Batting: RHB Jose Cardenal 0-0: Intentional Walk
Pinch Runner at 2nd Tim Ballard:
Pinch Hitting: SHB Don Jones 0-0: SINGLE (Groundball, 3D, EV 103.1 MPH)
Tim Ballard to third
Jose Cardenal to second
Runner from 3rd tries for Home, SAFE, throw by RF to home
Batting: SHB Ed Gentle 0-0: Called Strike
0-1: Bunted foul
0-2: SINGLE (Groundball, 56, EV 105.0 MPH)
Jose Cardenal to third
Don Jones to second
Runner from 3rd tries for Home, SAFE, throw by LF to home
Batting: RHB Dave Lane 0-0: Ball
1-0: Ball
2-0: Ball
3-0: Called Strike
3-1: Foul Ball, location: 2F
3-2: Foul Ball, location: 2F
3-2: Foul Ball, location: 2F
3-2: Base on Balls
Don Jones to third
Ed Gentle to second
Batting: RHB Jeff Reynolds 0-0: Called Strike
0-1: Foul Ball, location: 2F
0-2: Foul Ball, location: 2F
0-2: Strikes out looking
Batting: RHB Francis Ladd 0-0: Called Strike
0-1: DOUBLE (Line Drive, 9LS, EV 109.4 MPH)
Don Jones scores
Ed Gentle scores
Dave Lane to third
Pitching: LHP Víctor Ortíz
Pinch Hitting: RHB Randolph Davidson 0-0: Ball
1-0: Foul Ball, location: 2F
1-1: Ball
2-1: Called Strike
2-2: Ground out 6-3 (Groundball, 6S, EV 83.8 MPH)
Dave Lane scores
Francis Ladd to third
Batting: RHB Terry Weeks 0-0: Ball
Wild Pitch!
Francis Ladd scores
1-0: Foul Ball, location: 2F
1-1: Called Strike
1-2: Ball
2-2: Foul Ball, location: 2F
2-2: Ball
3-2: Fly out, F9 (Flyball, 9, EV 91.2 MPH)
Top of the 8th over - 7 runs, 5 hits, 0 errors, 0 left on base; North Ridgeville 11 - Truckee 5
BOTTOM OF THE 8TH
Truckee Scrappys batting - Pitching for North Ridgeville River Bandits : RHP Rob Jones
Now at C: Bartolo Chávez
Now at 1B: Juan Cima
Now at SS: Pedro Rodríguez
Batting: RHB Terry Williams 0-0: Ball
1-0: Ball
2-0: Called Strike
2-1: Ball
3-1: Foul Ball, location: 2F
3-2: Hit by Pitch
Pitching: LHP Jim Kelley
Batting: LHB Derek Mosley 0-0: Ball
1-0: Ball
2-0: Ball
3-0: Called Strike
3-1: Swinging Strike
3-2: DOUBLE (Line Drive, 9LD, EV 108.1 MPH)
Terry Williams to third
Batting: RHB Eldar Mestrolyan 0-0: Ground out 6-3 (Groundball, 6, EV 87.5 MPH)
Terry Williams scores
Pinch Hitting: RHB Niklas Kildal 0-0: Called Strike
0-1: Ball
1-1: Foul Ball, location: 2F
1-2: Fly out, F8 (Flyball, 8RD, EV 95.0 MPH)
Batting: RHB Esteban Mendoza 0-0: Ball
1-0: Foul Ball, location: 2F
1-1: Ball
2-1: Called Strike
2-2: Strikes out swinging
Bottom of the 8th over - 1 run, 1 hit, 0 errors, 1 left on base; North Ridgeville 11 - Truckee 6
TOP OF THE 9TH
North Ridgeville River Bandits batting - Pitching for Truckee Scrappys : LHP Víctor Ortíz
Now at SS: Jorge López
Batting: RHB Bartolo Chávez 0-0: Ball
1-0: Foul Ball, location: 2F
1-1: Swinging Strike
1-2: Ball
2-2: Ground out 6-3 (Groundball, 56, EV 102.5 MPH)
Batting: RHB Jose Cardenal 0-0: Ball
1-0: Ball
2-0: Fly out, F9 (Flyball, 9S, EV 86.9 MPH)
Batting: SHB Pedro Rodríguez 0-0: Ball
1-0: Ball
2-0: Called Strike
2-1: Ball
3-1: Base on Balls
Batting: SHB Ed Gentle 0-0: Ball
1-0: Ball
Pedro Rodríguez is caught stealing 2nd base 2-4
Top of the 9th over - 0 runs, 0 hits, 0 errors, 0 left on base; North Ridgeville 11 - Truckee 6
BOTTOM OF THE 9TH
Truckee Scrappys batting - Pitching for North Ridgeville River Bandits : LHP Jim Kelley
Batting: LHB Hidekazu Kobayashi 0-0: Foul Ball, location: 2F
0-1: Foul Ball, location: 2F
0-2: Foul Ball, location: 2F
0-2: Ball
1-2: Strikes out looking
Batting: SHB Rod Gaspar 0-0: Foul Ball, location: 2F
0-1: Foul Ball, location: 2F
0-2: Ball
1-2: Ball
2-2: Ball
3-2: Foul Ball, location: 2F
3-2: Foul Ball, location: 2F
3-2: Strikes out swinging
Batting: RHB José Mora 0-0: Ball
1-0: Ball
2-0: Called Strike
2-1: Ball
3-1: Base on Balls
Batting: LHB Tom Hutton 0-0: Ball
1-0: Ball
2-0: Called Strike
2-1: Fly out, F8 (Flyball, 8RD, EV 88.8 MPH)
Bottom of the 9th over - 0 runs, 0 hits, 0 errors, 1 left on base; North Ridgeville 11 - Truckee 6
Friday, April 12th , 2024 - OOTP Baseball 24.8 Build 75